| TOP OF THE 1ST |
|
Philadelphia Phillies batting - Pitching for Milwaukee Brewers : LHP Dale Ahernfeld
|
|
Pitching: LHP Dale Ahernfeld
|
|
|
Batting: SHB Lance Franklin
|
0-0: Ball 1-0: Called Strike 1-1: Ball 2-1: Ball 3-1: Called Strike 3-2: SINGLE (Line Drive, 8RS, EV 90.0 MPH)
|
|
Batting: RHB Quintin Parker
|
0-0: Foul Ball, location: 2F 0-1: Ball 1-1: Fly out, F9 (Flyball, 9, EV 87.5 MPH)
|
|
Batting: LHB Brad Turner
|
0-0: Grounds into double play, 4-6-3 (Groundball, 4, EV 103.1 MPH)
|
| Top of the 1st over - 0 runs, 1 hit, 0 errors, 0 left on base; Philadelphia 0 - Milwaukee 0 |
| BOTTOM OF THE 1ST |
|
Milwaukee Brewers batting - Pitching for Philadelphia Phillies : LHP Phuck II
|
|
Pitching: LHP Phuck II
|
|
|
Batting: RHB Akitada Nishizawa
|
0-0: Called Strike 0-1: Foul Ball, location: 2F 0-2: Foul Ball, location: 2F 0-2: Strikes out looking
|
|
Batting: RHB Kisho Ito
|
0-0: Ball 1-0: Foul Ball, location: 2F 1-1: Ball 2-1: Foul Ball, location: 2F 2-2: Strikes out swinging
|
|
Batting: SHB Junzo Kato
|
0-0: Fly out, F8 (Flyball, 8LXD, EV 95.0 MPH)
|
| Bottom of the 1st over - 0 runs, 0 hits, 0 errors, 0 left on base; Philadelphia 0 - Milwaukee 0 |
| TOP OF THE 2ND |
|
Philadelphia Phillies batting - Pitching for Milwaukee Brewers : LHP Dale Ahernfeld
|
|
Batting: LHB Jim Beaver
|
0-0: Ball 1-0: Fly out, F7 (Flyball, 78D, EV 100.0 MPH)
|
|
Batting: LHB Osamu Kubo
|
0-0: Foul Ball, location: 2F 0-1: DOUBLE (Flyball, 8LXD, EV 96.9 MPH)
|
|
Batting: LHB Mike Davis
|
0-0: Called Strike 0-1: Foul Ball, location: 2F 0-2: Foul Ball, location: 2F 0-2: Ball 1-2: SINGLE (Groundball, 25, EV 68.1 MPH) (infield hit) Osamu Kubo to third
|
|
Batting: LHB Ryan Trombley
|
0-0: Ball 1-0: Ball 2-0: DOUBLE (Line Drive, 78M, EV 98.8 MPH) Osamu Kubo scores Mike Davis to third Runner from 3rd tries for Home, throw by CF and OUT! 8-6-2
|
|
Batting: RHB Mike Hanks
|
0-0: Ball 1-0: Ball 2-0: Ball 3-0: Base on Balls
|
|
Batting: RHB Carlos Morejon
|
0-0: Called Strike 0-1: Swinging Strike 0-2: Ball 1-2: Ball 2-2: Fielders Choice at 2nd, 6-4 (Groundball, 6, EV 81.2 MPH)
|
| Top of the 2nd over - 1 run, 3 hits, 0 errors, 2 left on base; Philadelphia 1 - Milwaukee 0 |
| BOTTOM OF THE 2ND |
|
Milwaukee Brewers batting - Pitching for Philadelphia Phillies : LHP Phuck II
|
|
Batting: RHB Joel Haycock
|
0-0: Ball 1-0: Ground out 5-3 (Groundball, 56, EV 85.6 MPH)
|
|
Batting: RHB Dave Gonzalez
|
0-0: Ball 1-0: Called Strike 1-1: Ball 2-1: Foul Ball, location: 2F 2-2: Ball 3-2: Ground out 4-3 (Groundball, 4, EV 110.0 MPH)
|
|
Batting: LHB Gabe Harvey
|
0-0: Ground out 5-3 (Groundball, 56, EV 101.2 MPH)
|
| Bottom of the 2nd over - 0 runs, 0 hits, 0 errors, 0 left on base; Philadelphia 1 - Milwaukee 0 |
| TOP OF THE 3RD |
|
Philadelphia Phillies batting - Pitching for Milwaukee Brewers : LHP Dale Ahernfeld
|
|
Batting: SHB Lance Franklin
|
0-0: Swinging Strike 0-1: Called Strike 0-2: Strikes out looking
|
|
Batting: RHB Quintin Parker
|
0-0: Foul Ball, location: 2F 0-1: Foul Ball, location: 2F 0-2: Ball 1-2: Ball 2-2: Strikes out swinging
|
|
Batting: LHB Brad Turner
|
0-0: Ball 1-0: Ball 2-0: Foul Ball, location: 2F 2-1: Foul Ball, location: 2F 2-2: Ball 3-2: Base on Balls
|
|
Batting: LHB Jim Beaver
|
0-0: Ball 1-0: Called Strike 1-1: Ball 2-1: SINGLE (Groundball, 6MD, EV 108.1 MPH) Brad Turner to second
|
|
Batting: LHB Osamu Kubo
|
0-0: Ball 1-0: Ground out 4-3 (Groundball, 4, EV 86.9 MPH)
|
| Top of the 3rd over - 0 runs, 1 hit, 0 errors, 2 left on base; Philadelphia 1 - Milwaukee 0 |
| BOTTOM OF THE 3RD |
|
Milwaukee Brewers batting - Pitching for Philadelphia Phillies : LHP Phuck II
|
|
Batting: RHB Naofumi Ishida
|
0-0: Foul Ball, location: 2F 0-1: Foul Ball, location: 2F 0-2: Ball 1-2: Ball 2-2: Ground out 1-3 (Groundball, 13S, EV 75.6 MPH)
|
|
Batting: LHB Eric Klasek
|
0-0: Ball 1-0: Fly out, F8 (Flyball, 89M, EV 82.5 MPH)
|
|
Batting: RHB Ben Campbell
|
0-0: Ball 1-0: Ball 2-0: Ground out 6-3 (Groundball, 6, EV 105.6 MPH)
|
| Bottom of the 3rd over - 0 runs, 0 hits, 0 errors, 0 left on base; Philadelphia 1 - Milwaukee 0 |
| TOP OF THE 4TH |
|
Philadelphia Phillies batting - Pitching for Milwaukee Brewers : LHP Dale Ahernfeld
|
|
Batting: LHB Mike Davis
|
0-0: Ground out 6-3 (Groundball, 6, EV 107.5 MPH)
|
|
Batting: LHB Ryan Trombley
|
0-0: Fly out, F8 (Line Drive, 8RM, EV 91.9 MPH)
|
|
Batting: RHB Mike Hanks
|
0-0: Called Strike 0-1: Swinging Strike 0-2: Ball 1-2: Ball 2-2: Foul Ball, location: 2F 2-2: DOUBLE (Line Drive, 5D, EV 101.2 MPH)
|
|
Batting: RHB Carlos Morejon
|
0-0: Ball 1-0: Ball 2-0: Ball 3-0: Base on Balls
|
|
Batting: SHB Lance Franklin
|
0-0: Fielders Choice at 2nd, 6-4 (Groundball, 6, EV 83.8 MPH)
|
| Top of the 4th over - 0 runs, 1 hit, 0 errors, 2 left on base; Philadelphia 1 - Milwaukee 0 |
| BOTTOM OF THE 4TH |
|
Milwaukee Brewers batting - Pitching for Philadelphia Phillies : LHP Phuck II
|
|
Batting: RHB Akitada Nishizawa
|
0-0: Called Strike 0-1: Foul Ball, location: 2F 0-2: Ball 1-2: Strikes out looking
|
|
Batting: RHB Kisho Ito
|
0-0: Ball 1-0: Swinging Strike 1-1: Ball 2-1: Called Strike 2-2: Foul Ball, location: 2F 2-2: DOUBLE (Line Drive, 89XD, EV 101.2 MPH)
|
|
Batting: SHB Junzo Kato
|
0-0: Called Strike 0-1: Ball Wild Pitch! Kisho Ito to third 1-1: Ball 2-1: Called Strike 2-2: Foul Ball, location: 2F 2-2: Foul Ball, location: 2F 2-2: 2-RUN HOME RUN (Flyball, 89XD, EV 105.6 MPH), Distance : 404 ft
|
|
Batting: RHB Joel Haycock
|
0-0: Called Strike 0-1: Foul Ball, location: 2F 0-2: Ball 1-2: Fly out, F9 (Flyball, 89S, EV 88.1 MPH)
|
|
Batting: RHB Dave Gonzalez
|
0-0: Ball 1-0: Fly out, F8 (Flyball, 8RD, EV 95.6 MPH)
|
| Bottom of the 4th over - 2 runs, 2 hits, 0 errors, 0 left on base; Philadelphia 1 - Milwaukee 2 |
| TOP OF THE 5TH |
|
Philadelphia Phillies batting - Pitching for Milwaukee Brewers : LHP Dale Ahernfeld
|
|
Batting: RHB Quintin Parker
|
0-0: Ball 1-0: Ball 2-0: Ball 3-0: Base on Balls
|
|
Batting: LHB Brad Turner
|
0-0: Ball 1-0: Called Strike 1-1: Foul Ball, location: 2F 1-2: Ball 2-2: Ball 3-2: Base on Balls Quintin Parker to second
|
|
Batting: LHB Jim Beaver
|
0-0: Fly out, F3 (Popup, 3S, EV 83.1 MPH)
|
|
Batting: LHB Osamu Kubo
|
0-0: Ball 1-0: Ball 2-0: Called Strike 2-1: Ball 3-1: Called Strike 3-2: Foul Ball, location: 2F 3-2: Foul Ball, location: 2F 3-2: Base on Balls Quintin Parker to third Brad Turner to second
|
|
Batting: LHB Mike Davis
|
0-0: Foul Ball, location: 2F 0-1: Called Strike 0-2: Fielders Choice at 2nd, 3-6 (Groundball, 3, EV 91.2 MPH) Quintin Parker scores Brad Turner to third
|
|
Batting: LHB Ryan Trombley
|
0-0: Fly out, F5 (Popup, 15, EV 79.4 MPH)
|
| Top of the 5th over - 1 run, 0 hits, 0 errors, 2 left on base; Philadelphia 2 - Milwaukee 2 |
| BOTTOM OF THE 5TH |
|
Milwaukee Brewers batting - Pitching for Philadelphia Phillies : LHP Phuck II
|
|
Batting: LHB Gabe Harvey
|
0-0: Ball 1-0: Ball 2-0: Foul Ball, location: 2F 2-1: Foul Ball, location: 2F 2-2: Foul Ball, location: 2F 2-2: Strikes out swinging
|
|
Batting: RHB Naofumi Ishida
|
0-0: SINGLE (Line Drive, 8RS, EV 88.8 MPH)
|
|
Batting: LHB Eric Klasek
|
0-0: Ball 1-0: Called Strike 1-1: Foul Ball, location: 2F 1-2: Ball 2-2: Foul Ball, location: 2F 2-2: Strikes out swinging
|
|
Batting: RHB Ben Campbell
|
0-0: Fly out, F7 (Flyball, 7, EV 78.8 MPH)
|
| Bottom of the 5th over - 0 runs, 1 hit, 0 errors, 1 left on base; Philadelphia 2 - Milwaukee 2 |
| TOP OF THE 6TH |
|
Philadelphia Phillies batting - Pitching for Milwaukee Brewers : LHP Dale Ahernfeld
|
|
Batting: RHB Mike Hanks
|
0-0: Called Strike 0-1: Called Strike 0-2: Ground out 3-1 (Groundball, 34S, EV 81.9 MPH)
|
|
Batting: RHB Carlos Morejon
|
0-0: Called Strike 0-1: Foul Ball, location: 2F 0-2: DOUBLE (Line Drive, 7LM, EV 100.0 MPH)
|
|
Batting: SHB Lance Franklin
|
0-0: Ball 1-0: Swinging Strike 1-1: Called Strike 1-2: Ground out 6-3 (Groundball, 6, EV 105.0 MPH)
|
|
Batting: RHB Quintin Parker
|
0-0: Called Strike 0-1: Ball 1-1: Called Strike 1-2: Foul Ball, location: 2F 1-2: Fly out, F7 (Flyball, 7D, EV 91.9 MPH)
|
| Top of the 6th over - 0 runs, 1 hit, 0 errors, 1 left on base; Philadelphia 2 - Milwaukee 2 |
| BOTTOM OF THE 6TH |
|
Milwaukee Brewers batting - Pitching for Philadelphia Phillies : LHP Phuck II
|
|
Batting: RHB Akitada Nishizawa
|
0-0: Foul Ball, location: 2F 0-1: Foul Ball, location: 2F 0-2: Ball 1-2: Ball 2-2: Ball 3-2: Foul Ball, location: 2F 3-2: Base on Balls
|
|
Batting: RHB Kisho Ito
|
0-0: Ball 1-0: Swinging Strike 1-1: Ball 2-1: Ball 3-1: Foul Ball, location: 2F 3-2: Strikes out swinging
|
|
Batting: SHB Junzo Kato
|
0-0: Called Strike 0-1: Ball 1-1: Grounds into double play, 6-4-3 (Groundball, 56, EV 82.5 MPH)
|
| Bottom of the 6th over - 0 runs, 0 hits, 0 errors, 0 left on base; Philadelphia 2 - Milwaukee 2 |
| TOP OF THE 7TH |
|
Philadelphia Phillies batting - Pitching for Milwaukee Brewers : LHP Dale Ahernfeld
|
|
Pitching: LHP Danny Lawson
|
|
|
Batting: LHB Brad Turner
|
0-0: Foul Ball, location: 2F 0-1: Ball 1-1: Called Strike 1-2: Ball 2-2: Ground out 4-3 (Groundball, 4, EV 92.5 MPH)
|
|
Batting: LHB Jim Beaver
|
0-0: Ground out 4-3 (Groundball, 4MS, EV 63.1 MPH)
|
|
Batting: LHB Osamu Kubo
|
0-0: Fly out, F8 (Flyball, 8RD, EV 89.4 MPH)
|
| Top of the 7th over - 0 runs, 0 hits, 0 errors, 0 left on base; Philadelphia 2 - Milwaukee 2 |
| BOTTOM OF THE 7TH |
|
Milwaukee Brewers batting - Pitching for Philadelphia Phillies : LHP Phuck II
|
|
Batting: RHB Joel Haycock
|
0-0: Ball 1-0: Ball 2-0: Ball 3-0: Base on Balls
|
|
Batting: RHB Dave Gonzalez
|
0-0: SINGLE (Line Drive, 9S, EV 93.8 MPH) Joel Haycock to second Runner from 2nd tries for 3rd, SAFE, throw by RF made to third
|
|
Batting: LHB Gabe Harvey
|
0-0: Called Strike 0-1: Swinging Strike 0-2: Ball 1-2: SINGLE (Groundball, 4, EV 93.1 MPH) (infield hit) Joel Haycock scores Dave Gonzalez to second
|
|
Batting: RHB Naofumi Ishida
|
0-0: Ball 1-0: Grounds into double play, 4-6-3 (Groundball, 4, EV 90.0 MPH) Dave Gonzalez to third
|
|
Batting: LHB Eric Klasek
|
0-0: Ball 1-0: Foul Ball, location: 2F 1-1: Ball 2-1: Foul Ball, location: 2F 2-2: Ball 3-2: Fly out, F9 (Flyball, 9S, EV 73.1 MPH)
|
| Bottom of the 7th over - 1 run, 2 hits, 0 errors, 1 left on base; Philadelphia 2 - Milwaukee 3 |
| TOP OF THE 8TH |
|
Philadelphia Phillies batting - Pitching for Milwaukee Brewers : LHP Danny Lawson
|
|
Pinch Hitting: RHB Josh Hensley
|
0-0: Ball 1-0: Called Strike 1-1: Foul Ball, location: 2F 1-2: Ball 2-2: Strikes out swinging
|
|
Batting: LHB Ryan Trombley
|
0-0: Fly out, F8 (Flyball, 8LXD, EV 101.2 MPH)
|
|
Batting: RHB Mike Hanks
|
0-0: Swinging Strike 0-1: Ball 1-1: SINGLE (Groundball, 6MD, EV 100.0 MPH)
|
|
Batting: RHB Carlos Morejon
|
0-0: SINGLE (Line Drive, 9LS, EV 88.8 MPH) Mike Hanks to second Runner from 2nd tries for 3rd, SAFE, throw by RF made to third
|
|
Batting: SHB Lance Franklin
|
0-0: Ball 1-0: Ball 2-0: Called Strike 2-1: Swinging Strike 2-2: Strikes out swinging
|
| Top of the 8th over - 0 runs, 2 hits, 0 errors, 2 left on base; Philadelphia 2 - Milwaukee 3 |
| BOTTOM OF THE 8TH |
|
Milwaukee Brewers batting - Pitching for Philadelphia Phillies : LHP Phuck II
|
|
Now in RF: Josh Hensley
|
|
|
Batting: RHB Ben Campbell
|
0-0: Ball 1-0: Swinging Strike 1-1: Ball 2-1: Ball 3-1: Foul Ball, location: 2F 3-2: Ground out 6-3 (Groundball, 56, EV 106.9 MPH)
|
|
Batting: RHB Akitada Nishizawa
|
0-0: Called Strike 0-1: Foul Ball, location: 2F 0-2: Strikes out looking
|
|
Batting: RHB Kisho Ito
|
0-0: Ball 1-0: Foul Ball, location: 2F 1-1: Swinging Strike 1-2: Strikes out looking
|
| Bottom of the 8th over - 0 runs, 0 hits, 0 errors, 0 left on base; Philadelphia 2 - Milwaukee 3 |
| TOP OF THE 9TH |
|
Philadelphia Phillies batting - Pitching for Milwaukee Brewers : LHP Danny Lawson
|
|
Pitching: RHP John Owens
|
|
|
Now at 1B: Jose Morrissey
|
|
|
Batting: RHB Quintin Parker
|
0-0: Foul Ball, location: 2F 0-1: Swinging Strike 0-2: Ground out 6-3 (Groundball, 6, EV 88.8 MPH)
|
|
Batting: LHB Brad Turner
|
0-0: Swinging Strike 0-1: SINGLE (Groundball, 34D, EV 99.4 MPH)
|
|
Batting: LHB Jim Beaver
|
0-0: Ball 1-0: Ball 2-0: Ball 3-0: Called Strike 3-1: Base on Balls Brad Turner to second
|
|
Pinch Runner at 2nd Cody Schumacher:
|
|
|
Batting: LHB Osamu Kubo
|
0-0: Called Strike 0-1: Ball 1-1: Ball 2-1: Ground out 4-3 (Groundball, 4S, EV 65.6 MPH) Cody Schumacher to third Jim Beaver to second
|
|
Pinch Hitting: LHB Nick Canizales
|
0-0: Called Strike 0-1: Ball 1-1: Ball 2-1: Ball 3-1: Base on Balls
|
|
Batting: LHB Ryan Trombley
|
0-0: Swinging Strike 0-1: Swinging Strike 0-2: Strikes out swinging
|
| Top of the 9th over - 0 runs, 1 hit, 0 errors, 3 left on base; Philadelphia 2 - Milwaukee 3 |
|